 Dungeon Crawl Stone Soup version 0.29.0-4-gdea44cf6ec (webtiles) character file.

Game seed: 127965715447130232

2545 qw the Cleaver (level 9, -1/52 HPs)
             Began as a Tengu Warper on Aug 28, 2022.
             Was a Priest of Okawaru.
             Succumbed to a killer bee's poison
             ... on level 8 of the Dungeon.
             The game lasted 00:00:38 (7476 turns).

qw the Cleaver (Tengu Warper)                       Turns: 7476, Time: 00:00:38

Health: -1/52      AC: 13    Str: 15    XL:     9   Next: 55%
Magic:  12/13      EV: 13    Int: 15    God:    Okawaru [***...]
Gold:   309        SH: 11    Dex: 13    Spells: 12/12 levels left

rFire   . . .      SeeInvis .   l - +4 war axe
rCold   + . .      Faith    .   c - +0 kite shield
rNeg    . . .      Spirit   .   m - +0 chain mail
rPois   .          Reflect  .   (helmet restricted)
rElec   .          Harm     .   n - +0 cloak
rCorr   .          Rampage  .   f - +0 pair of gloves
Will    .....                   (boots unavailable)
Stlth   ..........              q - amulet of the acrobat
HPRegen 0.17/turn               k - +4 ring of evasion
MPRegen 0.13/turn               e - ring of protection from cold

@: lethally poisoned (-1 -> -8), about to teleport, heroic, flying quickly and
evasively, quick
A: beak, talons 3, nimble flight
a: Renounce Religion, Heroism


You were on level 8 of the Dungeon.
You worshipped Okawaru.
Okawaru was most pleased with you.
You visited 1 branch of the dungeon, and saw 8 of its levels.

You collected 379 gold pieces.
You spent 70 gold pieces at shops.


Innate Abilities, Weirdness & Mutations

You have a beak for a mouth.
You have claws for feet.
Your magical nature lets you fly swiftly and evasively.


   Skills:
 - Level 4.1(9.1) Fighting
 + Level 9.4(14.4) Axes
 - Level 2.1(7.1) Throwing
 - Level 3.4(8.4) Armour
 - Level 2.1(7.1) Dodging
 - Level 6.1(11.1) Shields
 - Level 2.0 Spellcasting
 - Level 2.4 Translocations
 - Level 4.1 Invocations


You had 12 spell levels left.
You didn't know any spells.
Your spell library contained the following spells:

 Spells                   Type           Power      Damage    Failure   Level
 Blink                    Tloc           16%        N/A       98%         2
 Gell's Gravitas          Tloc           8%         N/A       100%        3
 Lesser Beckoning         Tloc           8%         N/A       100%        3
 Teleport Other           Tloc           8%         N/A       100%        3
 Manifold Assault         Tloc           8%         N/A       100%        5

Inventory:

Hand Weapons
 a - a +0 flail
 l - a +4 war axe (weapon)
Missiles
 j - a boomerang (quivered)
Armour
 c - a +0 kite shield (worn)
 f - a +0 pair of gloves (worn)
 m - a +0 chain mail (worn)
 n - a +0 cloak (worn)
Jewellery
 e - a ring of protection from cold (right hand)
 k - a +4 ring of evasion (left hand)
 q - an amulet of the acrobat (around neck)
 v - a ring of willpower
Scrolls
 g - a scroll of identify
Potions
 b - a potion of resistance
 d - 2 potions of haste
 h - 4 potions of curing
 o - 2 potions of cancellation
 p - a potion of might {unknown}

Dungeon Overview and Level Annotations

Branches:
Dungeon (8/15)             Temple (0/1) D:7
   Lair: D:8-11

Altars:
Makhleb
Nemelex Xobeh
Okawaru
Vehumet
Xom
The Shining One

Shops:
D:5 ?   D:7 =


Message History

You miss the killer bee. You hit the killer bee.
You feel sick. The killer bee stings you.
You are lethally poisoned!
The killer bee poisons you! You block the killer bee's attack.
The killer bee closely misses you. You block the killer bee's attack. x2
The killer bee misses you.
7472 ||| READING scroll of teleportation.
As you read the scroll of teleportation, it crumbles to dust.
You feel strangely unstable.
You feel very sick. You block the killer bee's attack.
The killer bee closely misses you. x2
You block the killer bee's attack. The killer bee closely misses you.
You block the killer bee's attack.
You closely miss the killer bee. You claw the killer bee.
Your peck misses the killer bee.
The killer bee is almost dead.
You miss the killer bee. You closely miss the killer bee.
You feel sick.
The killer bee stings you but does no damage.
The killer bee barely misses you. The killer bee closely misses you.
The white imp gestures at you. You block the puff of frost.
The killer bee stings you. You block the killer bee's attack.
The killer bee misses you.
You slash the killer bee!
You kill the killer bee!
Okawaru accepts your kill.
You miss the killer bee. You barely miss the killer bee.
You feel sick. You block the killer bee's attack. x3
You slice the killer bee!!
You kill the killer bee!
Okawaru accepts your kill.
You slash the killer bee! x2; You slash the white imp!
You feel sick. The killer bee barely misses you.
You block the killer bee's attack.
The white imp hits you but does no damage.
You hit the white imp but do no damage. You claw the white imp.
You kill the white imp!
Okawaru accepts your kill.
You miss the killer bee. x2
You die... #..# #......# .... y ###......#.#...... .o###.$............... .................... ................... #................. #).....<.......... ### #@y...............
Tcc

#%y...............
######................#
........#####.........#
..........# #........##
.........####.#.##....#
..y.......##..#..##..##
....(....###..#..#####
.........##..)....#


You could see 2 killer bees.

Vanquished Creatures
  A steam dragon (D:6)
  An ice beast (D:6)
  3 black bears
  2 ogres
  A wolf (D:8)
  An elf zombie (D:7)
  A centaur (D:6)
  3 bullfrogs
  4 scorpions
  3 elf skeletons (D:7)
  5 wights (D:7)
  3 killer bees (D:8)
  2 hounds
  A human zombie (D:7)
  2 orc priests
  2 human skeletons (D:7)
  2 gnoll boudas
  4 iguanas
  An orc wizard (D:7)
  7 adders
  8 gnolls
  3 white imps
  3 worms
  A dart slug (D:2)
  9 orcs
  5 endoplasms
  4 giant cockroaches
  5 goblins
  8 hobgoblins
  8 jackals
  7 quokkas
  8 ball pythons
  5 bats
  A frilled lizard (D:2)
  5 kobolds
  An orc skeleton (D:7)
  3 orc zombies (D:7)
  6 rats
139 creatures vanquished.

Vanquished Creatures (others)
  An orc wizard (D:7)
1 creature vanquished.

Grand Total: 140 creatures vanquished

Notes
Turn   | Place    | Note
-------+----------+-------------------------------------------
     0 | D:1      | qw the Tengu Warper began the quest for the Orb.
     0 | D:1      | Reached XP level 1. HP: 12/12 MP: 4/4
     0 | D:1      | 0 ||| qw: Version: 0.1-a-89-g26bdef1
     0 | D:1      | 0 ||| qw: Game counter: 1704
     0 | D:1      | 0 ||| qw: Always use a shield: true
     0 | D:1      | 0 ||| qw: God list: Okawaru
     0 | D:1      | 0 ||| qw: Allow faded altars: false
     0 | D:1      | 0 ||| qw: Do Orc after D:15 true
     0 | D:1      | 0 ||| qw: Do second Lair branch before Depths: true
     0 | D:1      | 0 ||| qw: Lair rune preference: random
     0 | D:1      | 0 ||| qw: Plans: Normal
     0 | D:1      | 0 ||| PLANNING D:1-11
     4 | D:1      | Noticed an electric eel
     5 | D:1      | Noticed an electric eel
    17 | D:1      | 17 ||| Stepping ~*~*~tactically~*~*~ (stealth).
    27 | D:1      | 27 ||| Stepping ~*~*~tactically~*~*~ (stealth).
    29 | D:1      | 29 ||| Stepping ~*~*~tactically~*~*~ (stealth).
    31 | D:1      | 31 ||| Stepping ~*~*~tactically~*~*~ (stealth).
    33 | D:1      | 33 ||| Stepping ~*~*~tactically~*~*~ (stealth).
    50 | D:1      | Found a faded altar of an unknown god.
    63 | D:1      | Reached skill level 3 in Axes
    63 | D:1      | Reached XP level 2. HP: 17/17 MP: 6/6
    91 | D:1      | 91 ||| Stepping ~*~*~tactically~*~*~ (stealth).
    92 | D:1      | 92 ||| Stepping ~*~*~tactically~*~*~ (stealth).
   619 | D:1      | Reached XP level 3. HP: 21/21 MP: 7/7
   742 | D:1      | 742 ||| UPGRADING to +0 pair of gloves.
   747 | D:1      | 747 ||| UPGRADING to +0 ring mail.
   757 | D:1      | 757 ||| DROPPING +0 leather armour.
   758 | D:1      | 758 ||| UPGRADING to +0 chain mail.
   768 | D:1      | 768 ||| DROPPING +0 ring mail.
   769 | D:1      | 769 ||| UPGRADING to +0 cloak.
   774 | D:1      | 774 ||| UPGRADING to +4 ring of evasion.
   775 | D:1      | 775 ||| READING scroll labelled ASHI MIDDU.
   776 | D:1      | 776 ||| READING 2 scrolls labelled MYTECU PIERYPN.
   777 | D:1      | 777 ||| READING scroll labelled NOESI QAOT.
   782 | D:1      | 782 ||| DROPPING scroll of blinking.
   790 | D:2      | 790 ||| Stepping ~*~*~tactically~*~*~ (stealth).
   796 | D:2      | Reached skill level 4 in Axes
   916 | D:2      | 916 ||| DROPPING +0 mace.
   960 | D:2      | 960 ||| FLEEEEING.
   961 | D:2      | 961 ||| FLEEEEING.
   962 | D:2      | 962 ||| FLEEEEING.
   963 | D:2      | 963 ||| FLEEEEING.
   964 | D:2      | 964 ||| FLEEEEING.
   965 | D:2      | 965 ||| FLEEEEING.
   966 | D:2      | 966 ||| FLEEEEING.
   967 | D:2      | 967 ||| FLEEEEING.
   984 | D:2      | 984 ||| FLEEEEING.
   985 | D:2      | 985 ||| FLEEEEING.
   990 | D:2      | 990 ||| STAIRDANCE
  1039 | D:2      | 1039 ||| STAIRDANCE
  1241 | D:2      | Identified the +4 mace of Hoffeas {freeze, MP+9 Str+3}
  1243 | D:2      | 1243 ||| DROPPING +4 mace of Hoffeas {freeze, MP+9 Str+3}.
  1280 | D:2      | Found a shimmering altar of Xom.
  1285 | D:2      | 1285 ||| FLEEEEING.
  1286 | D:2      | 1286 ||| FLEEEEING.
  1287 | D:2      | 1287 ||| FLEEEEING.
  1288 | D:2      | 1288 ||| FLEEEEING.
  1289 | D:2      | 1289 ||| FLEEEEING.
  1291 | D:2      | 1291 ||| FLEEEEING.
  1292 | D:2      | 1292 ||| FLEEEEING.
  1293 | D:2      | 1293 ||| FLEEEEING.
  1294 | D:2      | 1294 ||| STAIRDANCE
  1397 | D:1      | 1397 ||| UPGRADING to +0 kite shield.
  1402 | D:1      | 1402 ||| READING scroll labelled VITORE FAVE.
  1403 | D:1      | 1403 ||| DRINKING 2 fuming pink potions.
  1404 | D:1      | 1404 ||| READING 2 scrolls of identify.
  1404 | D:1      | 1404 ||| IDENTIFYING bubbling dark potion
  1408 | D:2      | Reached XP level 4. HP: 26/26 MP: 8/8
  1422 | D:2      | 1422 ||| Stepping ~*~*~tactically~*~*~ (hiding).
  1618 | D:2      | You fall into a shaft and drop 2 floors!
  1620 | D:4      | Noticed a scorpion
  1630 | D:4      | Killed a scorpion
  1631 | D:4      | Gained mutation: Your magical nature lets you fly swiftly
                  | and evasively. [Tengu growth]
  1631 | D:4      | Reached XP level 5. HP: 23/30 MP: 9/9
  1717 | D:4      | 1717 ||| READING 3 scrolls labelled GIPNIMY SUAHO.
  1718 | D:4      | 1718 ||| READING scroll labelled NAIPIL DOST.
  1849 | D:4      | 1849 ||| DROPPING 2 scrolls of immolation.
  1970 | D:2      | 1970 ||| READING scroll of brand weapon.
  1970 | D:2      | 1970 ||| BRANDING +0 hand axe of electrocution.
  2039 | D:2      | Reached skill level 3 in Shields
  2226 | D:2      | 2226 ||| READING 2 scrolls of identify.
  2226 | D:2      | 2226 ||| IDENTIFYING blue potion
  2227 | D:2      | 2227 ||| DROPPING potion of flight.
  2431 | D:3      | 2431 ||| Stepping ~*~*~tactically~*~*~ (stealth).
  2433 | D:3      | 2433 ||| Stepping ~*~*~tactically~*~*~ (stealth).
  2442 | D:3      | 2442 ||| Stepping ~*~*~tactically~*~*~ (stealth).
  2449 | D:3      | 2449 ||| Stepping ~*~*~tactically~*~*~ (stealth).
  2451 | D:3      | 2451 ||| Stepping ~*~*~tactically~*~*~ (stealth).
  2484 | D:3      | Found an iron altar of Okawaru.
  2487 | D:3      | 2487 ||| Stepping ~*~*~tactically~*~*~ (stealth).
  2495 | D:3      | Became a worshipper of Warmaster Okawaru
  2531 | D:3      | Found a sparkling altar of Nemelex Xobeh.
  2829 | D:3      | 2829 ||| UPGRADING to ring of protection from cold.
  2830 | D:3      | 2830 ||| READING scroll labelled CYNOAK KUOPLY.
  2831 | D:3      | 2831 ||| READING 3 scrolls of identify.
  2831 | D:3      | 2831 ||| IDENTIFYING inky potion
  2832 | D:3      | 2832 ||| DROPPING potion of degeneration.
  2878 | D:4      | 2878 ||| READING scroll of brand weapon.
  2878 | D:4      | 2878 ||| BRANDING +1 hand axe of venom.
  2908 | D:4      | 2908 ||| READING scroll of enchant weapon.
  2908 | D:4      | 2908 ||| ENCHANTING +1 vorpal hand axe.
  2927 | D:4      | Reached skill level 5 in Axes
  2927 | D:4      | Reached XP level 6. HP: 33/35 MP: 10/10
  3071 | D:4      | 3071 ||| READING scroll of enchant weapon.
  3071 | D:4      | 3071 ||| ENCHANTING +2 vorpal hand axe.
  3075 | D:4      | Found a burning altar of Makhleb.
  3112 | D:4      | Noticed a black bear
  3121 | D:4      | Killed a black bear
  3122 | D:4      | Reached skill level 6 in Axes
  3454 | D:4      | 3454 ||| DRINKING 2 amethyst potions.
  3455 | D:4      | 3455 ||| READING 2 scrolls of identify.
  3455 | D:4      | 3455 ||| IDENTIFYING viscous silvery potion
  3456 | D:4      | 3456 ||| DROPPING potion of attraction.
  3475 | D:5      | Entered Level 5 of the Dungeon
  3525 | D:5      | 3525 ||| Stepping ~*~*~tactically~*~*~ (hiding).
  3526 | D:5      | 3526 ||| Stepping ~*~*~tactically~*~*~ (hiding).
  3527 | D:5      | 3527 ||| Stepping ~*~*~tactically~*~*~ (hiding).
  3528 | D:5      | 3528 ||| Stepping ~*~*~tactically~*~*~ (hiding).
  3529 | D:5      | 3529 ||| Stepping ~*~*~tactically~*~*~ (hiding).
  3530 | D:5      | 3530 ||| Stepping ~*~*~tactically~*~*~ (hiding).
  3653 | D:5      | 3653 ||| Stepping ~*~*~tactically~*~*~ (hiding).
  3655 | D:5      | 3655 ||| Stepping ~*~*~tactically~*~*~ (hiding).
  3657 | D:5      | 3657 ||| Stepping ~*~*~tactically~*~*~ (hiding).
  3910 | D:5      | 3910 ||| READING scroll of enchant weapon.
  3910 | D:5      | 3910 ||| ENCHANTING +3 vorpal hand axe.
  4082 | D:5      | Found a radiant altar of Vehumet.
  4127 | D:5      | Reached XP level 7. HP: 35/40 MP: 11/11
  4225 | D:5      | Found Geisk's Magic Scroll Emporium.
  4233 | D:5      | 4233 ||| BUYING scroll of identify (20 gold).
  4233 | D:5      | Bought a scroll of identify for 20 gold pieces
  4233 | D:5      | 4233 ||| BUYING scroll of identify (20 gold).
  4233 | D:5      | Bought a scroll of identify for 20 gold pieces
  4233 | D:5      | 4233 ||| BUYING scroll of teleportation (30 gold).
  4233 | D:5      | Bought a scroll of teleportation for 30 gold pieces
  4281 | D:5      | 4281 ||| Stepping ~*~*~tactically~*~*~ (stealth).
  4283 | D:5      | 4283 ||| Stepping ~*~*~tactically~*~*~ (hiding).
  4289 | D:5      | Reached * piety under Okawaru
  4348 | D:5      | 4348 ||| INVOKING Heroism.
  4353 | D:5      | Reached skill level 7 in Axes
  4481 | D:5      | 4481 ||| READING scroll labelled VUGIRIR YBREEL.
  4482 | D:5      | 4482 ||| READING 3 scrolls of identify.
  4482 | D:5      | 4482 ||| IDENTIFYING pink potion
  4483 | D:5      | 4483 ||| READING 2 scrolls of identify.
  4483 | D:5      | 4483 ||| IDENTIFYING viscous dark potion
  4484 | D:5      | 4484 ||| READING 3 scrolls of teleportation.
  4583 | D:6      | 4583 ||| Stepping ~*~*~tactically~*~*~ (hiding).
  4587 | D:6      | 4587 ||| INVOKING Heroism.
  4595 | D:6      | Reached skill level 1 in Invocations
  4713 | D:6      | Reached skill level 3 in Fighting
  4819 | D:6      | 4819 ||| INVOKING Heroism.
  4827 | D:6      | Reached XP level 8. HP: 37/46 MP: 9/12
  4944 | D:6      | 4944 ||| Stepping ~*~*~tactically~*~*~ (hiding).
  4948 | D:6      | 4948 ||| INVOKING Heroism.
  4949 | D:6      | 4949 ||| UPGRADING to amulet of the acrobat.
  4960 | D:6      | Reached ** piety under Okawaru
  4961 | D:6      | Reached skill level 3 in Armour
  4961 | D:6      | Reached skill level 3 in Invocations
  5217 | D:6      | 5217 ||| Stepping ~*~*~tactically~*~*~ (stealth).
  5338 | D:6      | 5338 ||| READING scroll labelled TOIDAI HAYDGH.
  5339 | D:6      | 5339 ||| READING scroll labelled GUEMECASUM.
  5340 | D:6      | 5340 ||| DRINKING 2 coppery potions.
  5360 | D:6      | 5360 ||| DROPPING potion of lignification.
  5391 | D:7      | 5391 ||| PLANNING OSSUARY
  5424 | D:7      | 5424 ||| Stepping ~*~*~tactically~*~*~ (stealth).
  5428 | D:7      | 5428 ||| INVOKING Heroism.
  5445 | D:7      | HP: 6/46 [wight/+4 dagger of freezing (10)]
  5446 | D:7      | 5446 ||| READING 3 scrolls of teleportation.
  5447 | D:7      | 5447 ||| DRINKING potion of heal wounds.
  5574 | D:7      | 5574 ||| INVOKING Heroism.
  5577 | D:7      | HP: 6/46 [iguana (7)]
  5578 | D:7      | 5578 ||| READING 2 scrolls of teleportation.
  5581 | D:7      | Reached skill level 8 in Axes
  5582 | D:7      | Found a staircase to the Ecumenical Temple.
  5859 | D:7      | 5859 ||| INVOKING Heroism.
  5871 | D:7      | 5871 ||| Stepping ~*~*~tactically~*~*~ (cloud).
  5977 | D:7      | 5977 ||| INVOKING Heroism.
  6047 | D:7      | 6047 ||| INVOKING Heroism.
  6047 | D:7      | 6047 ||| RIP OSSUARY
  6048 | D:7      | 6048 ||| PLANNING D:1-11
  6283 | D:7      | Reached XP level 9. HP: 49/51 MP: 13/13
  6309 | D:7      | Found Ugent's Jewellery Boutique.
  6342 | D:7      | 6342 ||| SHOPLISTING +4 ring of evasion (576 gold, have
                  | 259).
  6342 | D:7      | 6342 ||| SHOPLISTING +4 ring of protection (576 gold, have
                  | 259).
  6342 | D:7      | 6342 ||| SHOPLISTING +6 ring of strength (576 gold, have
                  | 259).
  6342 | D:7      | 6342 ||| SHOPLISTING amulet of reflection (480 gold, have
                  | 259).
  6391 | D:7      | 6391 ||| INVOKING Heroism.
  6406 | D:7      | Reached skill level 9 in Axes
  6537 | D:7      | Found a glowing golden altar of the Shining One.
  6575 | D:7      | 6575 ||| SWAPPING to +4 war axe.
  6576 | D:7      | 6576 ||| DROPPING +4 vorpal hand axe.
  6879 | D:7      | Reached *** piety under Okawaru
  6901 | D:7      | 6901 ||| Stepping ~*~*~tactically~*~*~ (stealth).
  6902 | D:7      | 6902 ||| INVOKING Heroism.
  7438 | D:8      | Noticed a troll
  7449 | D:8      | 7449 ||| Stepping ~*~*~tactically~*~*~ (stealth).
  7462 | D:8      | Reached skill level 6 in Shields
  7462 | D:8      | 7462 ||| Stepping ~*~*~tactically~*~*~ (stealth).
  7465 | D:8      | 7465 ||| INVOKING Heroism.
  7471 | D:8      | HP: 12/52 [killer bee (4)]
  7472 | D:8      | 7472 ||| READING scroll of teleportation.
  7473 | D:8      | HP: 4/52 [killer bee (2)]
  7475 | D:8      | HP: 1/52 [poisoned by a killer bee]
  7476 | D:8      | Succumbed to a killer bee's poison

Levels and vault maps discovered:
D:1:      arrival_aquarium_b, layout_loops_cross,
          chequers_ecumenical_altar_island
D:2:      layout_loops_ring, basic_altar, minivault_23
D:3:      layout_basic, nemelex_spade_bored_becter, mainiacjoe_overflow_chevrons
D:4:      layout_cave_pools, mainiacjoe_overflow_six_doors_small
D:5:      layout_basic, nicolae_vehumet_altar_sigil, serial_shops,
          nicolae_shop_statue_plus, nicolae_kite_square_tiling_tiny,
          kennysheep_generic_room_12
D:6:      layout_basic, kennysheep_generic_room_15
D:7:      layout_layer_cave, mainiacjoe_overflow_alcove_4, temple_pool_b,
          serial_shops, shop, nicolae_ossuary_entry_catacombs
D:8:      layout_cave_pools, yredelemnul_altar_generic, serial_ice,
          serial_ice_c, serial_ice_l, serial_ice_g, serial_ice_d,
          onia_ninara_dug_in_and_dangerous

Skill      XL: |  1  2  3  4  5  6  7  8  9 |
---------------+----------------------------+-----
Axes           | 3 4 5 6 7 8 9 |  9.4
Shields        | 2 3 4 5 6 |  6.1
Armour         | 2 3 |  3.4
Invocations    | 2 4 |  4.1
Fighting       | 3 4 |  4.1
Throwing       | 2 |  2.1
Dodging        | |  2.1
Spellcasting   | |  2.0
Translocations | |  2.4

Action                   |  1- 3 |  4- 6 |  7- 9 || total
-------------------------+-------+-------+-------++-------
Melee: Hand axe          |    63 |   109 |   116 ||   288
       Kick              |    20 |    24 |    60 ||   104
       Peck              |     7 |    14 |    42 ||    63
       War axe           |       |       |    83 ||    83
Throw: Boomerang         |     7 |     8 |    10 ||    25
       Javelin           |       |     9 |    18 ||    27
Invok: Heroism           |       |       |    12 ||    12
  Use: Scroll            |     5 |    11 |     9 ||    25
       Potion            |     1 |     1 |     2 ||     4
Armor: Leather armour    |     6 |       |       ||     6
       Chain mail        |     9 |    26 |    70 ||   105
Dodge: Dodged            |    24 |    39 |    86 ||   149
Block: Kite shield       |       |    38 |    93 ||   131

Table legend:
 A = Non-vault XP
 B = Vault XP
 C = Vault XP percentage of total XP
 D = Non-vault monster count
 E = Vault monster count
 F = Vault count percentage of total count
                 A         B        C        D         E       F
            +---------+---------+-------+---------+---------+-------
      Total |    2799 |     847 |  23.2 |     125 |      15 |  10.7
            +---------+---------+-------+---------+---------+-------
        D:1 |      34 |       0 |   0.0 |      21 |       0 |   0.0
        D:2 |      88 |       0 |   0.0 |      29 |       0 |   0.0
        D:3 |      36 |       0 |   0.0 |      15 |       0 |   0.0
        D:4 |     352 |       0 |   0.0 |       9 |       0 |   0.0
        D:5 |     207 |     125 |  37.7 |      12 |       1 |   7.7
        D:6 |     631 |     139 |  18.1 |      12 |       1 |   7.7
        D:7 |    1167 |     458 |  28.2 |      21 |      11 |  34.4
        D:8 |     284 |     125 |  30.6 |       6 |       2 |  25.0
            +---------+---------+-------+---------+---------+-------
